 Dungeon Crawl Stone Soup version 0.24-a0-584-g9d6b971ae4 (webtiles) character file.

Game seed: 16212858756458040967, levelgen mode: deterministic

110 Eightlegvermin the Insei (level 4, -1/28 HPs)
             Began as an Octopode Transmuter on Aug 31, 2019.
             Killed from afar by an orc wizard (10 damage)
             ... with a magic dart
             ... on level 3 of the Dungeon.
             The game lasted 00:14:27 (2436 turns).

Eightlegvermin the Insei (Octopode Transmuter)      Turns: 2436, Time: 00:14:28

Health: -1/28      AC:  2    Str:  9    XL:     4   Next: 91%
Magic:  4/7        EV: 20    Int: 15    God:
Gold:   244        SH:  0    Dex: 18    Spells: 1/7 levels left

rFire    . . .     SeeInvis .     - Unarmed
rCold    . . .     Gourm    .   (shield currently unavailable)
rNeg     . . .     Faith    .   (helmet currently unavailable)
rPois    x         Spirit   .   (no amulet)
rElec    .         Reflect  .   (no ring)
rCorr    .         Harm     .   (no ring)
MR       .....                  (no ring)
Stlth    ++........             (no ring)
HPRegen  0.09/turn              (no ring)
MPRegen  0.10/turn              (no ring)
                                (no ring)
                                (no ring)

@: spider-form (expiring)
A: tiny, almost no armour, stealthy swim, (amphibious), 8 rings, (constrict 8)
a: End Transformation


You were on level 3 of the Dungeon.
You were not hungry.
You were a venomous arachnid creature.
You visited 1 branch of the dungeon, and saw 3 of its levels.

You collected 244 gold pieces.

Inventory:

Missiles
 a - 22 arrows
Jewellery
 g - a cursed -2 ring of intelligence {unknown}
Scrolls
 d - 2 scrolls of identify
 f - a scroll of teleportation
Potions
 b - a potion of curing
 e - a potion of invisibility {unknown}
 i - a potion of magic {unknown}
 k - 2 potions of resistance
 n - a potion of might {unknown}
Comestibles
 c - 5 rations


   Skills:
 - Level 1.0 Fighting
 - Level 2.0 Dodging
 - Level 3.0 Stealth
 + Level 4.0 Unarmed Combat
 - Level 2.0 Spellcasting
 + Level 3.3 Transmutations


You had one spell level left.
You knew the following spells:

 Your Spells              Type           Power        Failure   Level  Hunger
a - Beastly Appendage     Tmut           ##....       16%         1    #......
b - Sticks to Snakes      Tmut           ##......     22%         2    ###....
c - Spider Form           Tmut/Pois      #.........   54%         3    ###....

Your spell library contained the following spells:

 Spells                   Type           Power        Failure   Level  Hunger
 Ice Form                 Ice/Tmut       #.......     88%         4    #####..
 Blade Hands              Tmut           ##........   94%         5    ######.


Dungeon Overview and Level Annotations

Branches:
Dungeon (3/15)

Altars:
Vehumet
Lugonu

Portals:
Abyss: D:1


Innate Abilities, Weirdness & Mutations

You cannot wear most types of armour.
You are very stealthy in the water. (Stealth+)
((You are amphibious.))
You can wear up to eight rings at the same time.
((You can use your tentacles to constrict eight enemies at once.))
((Your skin changes colour to match your surroundings (Stealth+).))
((Your rubbery body absorbs attacks. (AC +1, EV +1)))


Message History

You barely miss the orc wizard.
The orc wizard is moderately wounded.
The orc wizard gestures wildly while chanting.
The orc wizard seems to speed up.
You hit the orc wizard.
The orc wizard is poisoned.
The orc wizard is heavily wounded.
The orc wizard hits you but does no damage.
You hit the orc wizard.
The orc wizard is heavily wounded.
The orc wizard casts a spell at you. The magic dart hits you!
* * * LOW HITPOINT WARNING * * *
The orc wizard barely misses you.
You barely miss the orc wizard.
The orc wizard is heavily wounded.
The orc wizard casts a spell.
The orc wizard blinks!
The orc wizard casts a spell at you. The magic dart hits you!
You die...

##.##....#...........
.#
o.......#.....#..##.#.#
#..##.#.##..#.#.....#.#
## #.#o#.......... ...
..#.#.###.#.... ..#
...#.#.....#.... ..
....#.####### ###


.gb #.# #s# ### You could see an orc wizard.

Vanquished Creatures
  4 adders
  3 worms
  2 dart slugs (D:1)
  3 orcs (D:3)
  6 bats
  2 giant cockroaches
  8 hobgoblins
  2 jackals (D:1)
  5 kobolds
  A ball python (D:2)
  3 frilled lizards
  11 goblins
  7 rats
  A fungus (D:3)
58 creatures vanquished.

Vanquished Creatures (others)
  A fungus (D:3)
  6 toadstools (D:3)
7 creatures vanquished.

Grand Total: 65 creatures vanquished

Notes
Turn   | Place    | Note
-------+----------+-------------------------------------------
     0 | D:1      | Eightlegvermin the Octopode Transmuter began the quest for
                  | the Orb.
     0 | D:1      | Reached XP level 1. HP: 13/13 MP: 3/3
    97 | D:1      | You fall into a shaft and drop 1 floor!
   101 | D:2      | Reached skill level 1 in Stealth
   167 | D:2      | Reached XP level 2. HP: 6/18 MP: 3/5
   391 | D:2      | Found a radiant altar of Vehumet.
   410 | D:2      | Reached XP level 3. HP: 23/23 MP: 4/6
   965 | D:1      | Found a one-way gate to the infinite horrors of the Abyss.
   966 | D:1      | Found a corrupted altar of Lugonu.
   966 | D:1      | Noticed a demonic crawler
   967 | D:1      | Noticed a demonic crawler
  1025 | D:1      | Reached XP level 4. HP: 24/28 MP: 7/7
  2210 | D:3      | Learned a level 2 spell: Sticks to Snakes
  2216 | D:3      | Reached skill level 4 in Unarmed Combat
  2221 | D:3      | Learned a level 3 spell: Spider Form
  2436 | D:3      | Killed from afar by an orc wizard

Levels and vault maps discovered:
D:1:      erik_arrival_cave_to_civilisation [erik_arrival_cave_to_temple],
          layout_basic
D:2:      layout_loops_ring, fiery_altar_vehumet
D:3:      layout_basic, grunt_temple_overflow_gold_and_silver, first_ration,
          minmay_liquid_box, nrook_loot_triangle, minmay_gold_behind_fungi

Skill      XL: |  1  2  3  4 |
---------------+-------------+-----
Stealth        | 2 3 |  3.0
Transmutations | 3 |  3.3
Unarmed Combat | 4 |  4.0
Fighting       | |  1.0
Dodging        | |  2.0
Spellcasting   | |  2.0

Action                   |  1- 3 |  4- 6 || total
-------------------------+-------+-------++-------
Melee: Unarmed           |    65 |    76 ||   141
       Kick              |     8 |    12 ||    20
       Constrict         |    19 |    17 ||    36
       Tentacles         |    12 |    12 ||    24
       Punch             |     1 |     4 ||     5
 Cast: Beastly Appendage |     6 |    14 ||    20
       Spider Form       |       |     1 ||     1
  Use: Potion            |     1 |       ||     1
       Scroll            |       |     7 ||     7
 Stab: Sleeping          |     9 |     3 ||    12
  Eat: Chunk             |       |     5 ||     5
Armor: Skin              |     2 |    12 ||    14
Dodge: Dodged            |    41 |    47 ||    88

Table legend:
 A = Non-vault XP
 B = Vault XP
 C = Vault XP percentage of total XP
 D = Non-vault monster count
 E = Vault monster count
 F = Vault count percentage of total count
                 A         B        C        D         E       F
            +---------+---------+-------+---------+---------+-------
      Total |     152 |       6 |   3.8 |      55 |       2 |   3.5
            +---------+---------+-------+---------+---------+-------
        D:1 |      47 |       6 |  11.3 |      28 |       2 |   6.7
        D:2 |      67 |       0 |   0.0 |      16 |       0 |   0.0
        D:3 |      38 |       0 |   0.0 |      11 |       0 |   0.0
            +---------+---------+-------+---------+---------+-------
